[ PARTIDA AOE2 · #507858420 ]
UnrankedHunos vs Mongols
Equipo del jugador · VICT
Equipo rival · DERR
[ ANÁLISIS DE REPETICIÓN · EXTRAÍDO DE LA PARTIDA GRABADA ]
Feudal
9:02
Castillos
23:15
Imperial
—
| APM promedio | 70.5 |
| APM pico | 106 |
| eAPM promedio | 31.3 |
| Aldeanos / militares | 60 / 59 |
Foco
⚔️ 29.8% · 🌾 70.2%
Knight ×23 · Spearman ×14 · Skirmisher ×12 · Monk ×9 · Archer ×1
Feudal
8:34
Castillos
24:11
Imperial
—
| APM promedio | 27.0 |
| APM pico | 49 |
| eAPM promedio | 16.1 |
| Aldeanos / militares | 54 / 40 |
Foco
⚔️ 26.2% · 🌾 73.8%
Knight ×18 · Archer ×7 · Scout Cavalry ×7 · Camel Scout ×5 · Skirmisher ×2 · Spearman ×1
Mapa de la partida
Recursos iniciales + cada clic de construcción. Líneas = muros · curvas = relieve. ◆ oro · ⬟ piedra · ● bayas · ✦ reliquia · ◌ hueco del cierre
Tu base· Abierta — flanco sin cerrar
Base de AttiladaHun· Abierta — flanco sin cerrar
Terreno inicial suavizado · ◌ = hueco del cierre detectado · pasá el cursor para detalles
Inputs por minuto
— Pedro - - AttiladaHun
Build order — Pedro
Primeras 150 de 210 acciones detectadas
| 0:00 | Encolar | Villager (Male) |
| 0:01 | Encolar | Villager (Male) |
| 0:01 | Encolar | Villager (Male) |
| 0:21 | Encolar | Villager (Male) |
| 1:14 | Encolar | Villager (Male) |
| 1:50 | Encolar | Villager (Male) |
| 1:54 | Construir | Lumber Camp |
| 2:06 | Encolar | Villager (Male) |
| 2:06 | Encolar | Villager (Male) |
| 2:38 | Encolar | Villager (Male) |
| 3:10 | Encolar | Villager (Male) |
| 3:28 | Encolar | Villager (Male) |
| 3:28 | Encolar | Villager (Male) |
| 3:36 | Encolar | Villager (Male) |
| 3:49 | Encolar | Villager (Male) |
| 4:21 | Encolar | Villager (Male) |
| 4:35 | Construir | Mill |
| 4:39 | Encolar | Villager (Male) |
| 4:43 | Encolar | Villager (Male) |
| 5:17 | Encolar | Villager (Male) |
| 5:42 | Investigar | Loom |
| 6:52 | Investigar | Feudal Age |
| 7:31 | Encolar | Villager (Male) |
| 7:44 | Construir | Barracks |
| 9:02 | Edad | Edad Feudal |
| 9:05 | Construir | Archery Range |
| 9:06 | Encolar | Spearman |
| 9:06 | Encolar | Spearman |
| 9:13 | Investigar | Double-Bit Axe |
| 9:13 | Investigar | Double-Bit Axe |
| 9:13 | Encolar | Villager (Male) |
| 9:29 | Encolar | Villager (Male) |
| 9:37 | Encolar | Skirmisher |
| 10:00 | Construir | Watch Tower |
| 10:19 | Encolar | Skirmisher |
| 10:20 | Encolar | Skirmisher |
| 10:31 | Encolar | Skirmisher |
| 10:31 | Encolar | Skirmisher |
| 10:40 | Encolar | Skirmisher |
| 10:44 | Construir | Palisade Wall |
| 10:45 | Construir | Palisade Wall |
| 10:46 | Construir | Palisade Wall |
| 10:50 | Encolar | Skirmisher |
| 10:59 | Encolar | Spearman |
| 11:08 | Encolar | Spearman |
| 11:19 | Encolar | Spearman |
| 11:23 | Construir | Mining Camp |
| 11:32 | Construir | Farm |
| 11:32 | Construir | Farm |
| 11:32 | Construir | Farm |
| 11:53 | Encolar | Spearman |
| 11:53 | Encolar | Spearman |
| 11:58 | Construir | Farm |
| 12:17 | Construir | Palisade Wall |
| 12:20 | Construir | Palisade Wall |
| 12:38 | Construir | Palisade Wall |
| 12:39 | Construir | Palisade Wall |
| 12:46 | Encolar | Villager (Male) |
| 12:49 | Encolar | Skirmisher |
| 12:49 | Encolar | Skirmisher |
| 13:00 | Construir | Palisade Wall |
| 13:01 | Construir | Palisade Wall |
| 13:05 | Encolar | Skirmisher |
| 13:26 | Construir | Farm |
| 13:28 | Encolar | Villager (Male) |
| 13:31 | Construir | Farm |
| 13:43 | Encolar | Spearman |
| 13:43 | Encolar | Spearman |
| 14:03 | Construir | Farm |
| 14:07 | Encolar | Skirmisher |
| 14:08 | Encolar | Skirmisher |
| 14:09 | Encolar | Archer |
| 14:17 | Encolar | Villager (Male) |
| 14:29 | Construir | Palisade Wall |
| 15:01 | Encolar | Spearman |
| 15:01 | Encolar | Spearman |
| 15:10 | Construir | Farm |
| 15:10 | Encolar | Spearman |
| 15:38 | Construir | Watch Tower |
| 15:57 | Encolar | Villager (Male) |
| 15:59 | Encolar | Villager (Male) |
| 16:07 | Encolar | Villager (Male) |
| 16:22 | Construir | Palisade Wall |
| 16:23 | Construir | Palisade Wall |
| 16:24 | Construir | Palisade Wall |
| 16:24 | Construir | Palisade Wall |
| 16:30 | Construir | Mining Camp |
| 16:41 | Encolar | Villager (Male) |
| 16:46 | Encolar | Villager (Male) |
| 16:46 | Encolar | Villager (Male) |
| 16:58 | Encolar | Villager (Male) |
| 17:16 | Encolar | Villager (Male) |
| 17:22 | Construir | Watch Tower |
| 17:32 | Encolar | Villager (Male) |
| 17:47 | Encolar | Villager (Male) |
| 17:50 | Construir | Blacksmith |
| 18:08 | Encolar | Villager (Male) |
| 18:30 | Encolar | Villager (Male) |
| 18:32 | Construir | Farm |
| 18:37 | Construir | Palisade Wall |
| 18:38 | Construir | Palisade Wall |
| 18:39 | Construir | Palisade Wall |
| 18:40 | Construir | Palisade Wall |
| 18:44 | Construir | Palisade Wall |
| 18:47 | Encolar | Villager (Male) |
| 19:14 | Encolar | Villager (Male) |
| 19:20 | Construir | Market |
| 19:22 | Encolar | Villager (Male) |
| 19:24 | Construir | Farm |
| 19:39 | Encolar | Villager (Male) |
| 19:54 | Construir | Farm |
| 19:54 | Encolar | Villager (Male) |
| 20:31 | Construir | Farm |
| 20:35 | Investigar | Castle Age |
| 20:44 | Construir | Farm |
| 20:44 | Construir | Farm |
| 20:47 | Encolar | Villager (Male) |
| 20:59 | Construir | Farm |
| 21:07 | Investigar | Scale Barding Armor |
| 21:07 | Investigar | Scale Barding Armor |
| 21:11 | Construir | Farm |
| 21:11 | Construir | Farm |
| 21:57 | Investigar | Forging |
| 22:14 | Construir | Stable |
| 22:19 | Encolar | Villager (Male) |
| 22:47 | Construir | Lumber Camp |
| 22:56 | Encolar | Villager (Male) |
| 23:12 | Encolar | Villager (Male) |
| 23:15 | Edad | Edad de los Castillos |
| 23:18 | Encolar | Knight |
| 23:19 | Encolar | Knight |
| 23:19 | Encolar | Knight |
| 23:26 | Construir | Farm |
| 23:41 | Encolar | Villager (Male) |
| 23:50 | Construir | Lumber Camp |
| 24:01 | Construir | Farm |
| 24:20 | Encolar | Knight |
| 24:20 | Encolar | Villager (Male) |
| 24:22 | Construir | Farm |
| 24:22 | Construir | Farm |
| 24:31 | Construir | Farm |
| 24:31 | Construir | Farm |
| 24:32 | Encolar | Villager (Male) |
| 24:43 | Encolar | Villager (Male) |
| 25:04 | Encolar | Villager (Male) |
| 25:32 | Encolar | Villager (Male) |
| 25:35 | Construir | Farm |
| 25:35 | Encolar | Villager (Male) |
| 25:40 | Construir | Monastery |
| 26:02 | Encolar | Knight |
Build order — AttiladaHun
Primeras 150 de 174 acciones detectadas
| 0:00 | Encolar | Villager (Male) |
| 0:01 | Encolar | Villager (Male) |
| 0:01 | Encolar | Villager (Male) |
| 0:01 | Encolar | Villager (Male) |
| 0:02 | Construir | House |
| 0:04 | Construir | House |
| 1:24 | Encolar | Villager (Male) |
| 1:24 | Encolar | Villager (Male) |
| 1:51 | Construir | Lumber Camp |
| 2:01 | Encolar | Villager (Male) |
| 2:01 | Encolar | Villager (Male) |
| 2:01 | Encolar | Villager (Male) |
| 2:19 | Encolar | Villager (Male) |
| 2:50 | Encolar | Villager (Male) |
| 2:50 | Encolar | Villager (Male) |
| 3:13 | Encolar | Villager (Male) |
| 3:28 | Construir | House |
| 3:36 | Encolar | Villager (Male) |
| 3:36 | Encolar | Villager (Male) |
| 4:30 | Construir | Mill |
| 4:40 | Encolar | Villager (Male) |
| 4:40 | Encolar | Villager (Male) |
| 4:40 | Encolar | Villager (Male) |
| 4:57 | Investigar | Loom |
| 6:24 | Investigar | Feudal Age |
| 6:30 | Construir | Lumber Camp |
| 6:57 | Construir | House |
| 7:05 | Encolar | Villager (Male) |
| 7:05 | Encolar | Villager (Male) |
| 7:50 | Construir | Barracks |
| 7:58 | Encolar | Villager (Male) |
| 8:09 | Construir | Palisade Wall |
| 8:13 | Construir | Palisade Wall |
| 8:15 | Construir | Palisade Wall |
| 8:16 | Construir | Palisade Wall |
| 8:34 | Edad | Edad Feudal |
| 8:39 | Construir | Stable |
| 8:43 | Construir | Palisade Wall |
| 8:50 | Investigar | Double-Bit Axe |
| 9:15 | Construir | Palisade Wall |
| 9:16 | Construir | Palisade Wall |
| 9:20 | Encolar | Scout Cavalry |
| 9:23 | Construir | House |
| 9:29 | Encolar | Villager (Male) |
| 9:39 | Construir | House |
| 9:45 | Encolar | Scout Cavalry |
| 10:08 | Encolar | Scout Cavalry |
| 10:09 | Encolar | Spearman |
| 10:32 | Encolar | Scout Cavalry |
| 10:48 | Encolar | Villager (Male) |
| 10:50 | Encolar | Villager (Male) |
| 11:19 | Encolar | Villager (Male) |
| 11:23 | Construir | Mill |
| 12:06 | Construir | Archery Range |
| 12:24 | Encolar | Villager (Male) |
| 12:28 | Construir | Farm |
| 12:29 | Construir | Farm |
| 12:31 | Construir | Farm |
| 12:32 | Construir | Farm |
| 12:34 | Construir | Farm |
| 12:39 | Construir | Farm |
| 12:40 | Construir | Farm |
| 12:45 | Encolar | Villager (Male) |
| 12:59 | Encolar | Villager (Male) |
| 13:01 | Encolar | Skirmisher |
| 13:02 | Encolar | Skirmisher |
| 13:23 | Encolar | Villager (Male) |
| 13:35 | Construir | Farm |
| 13:37 | Construir | Farm |
| 13:47 | Construir | Mining Camp |
| 13:51 | Construir | House |
| 13:52 | Construir | House |
| 13:55 | Encolar | Archer |
| 13:55 | Encolar | Archer |
| 14:04 | Construir | Watch Tower |
| 14:13 | Encolar | Villager (Male) |
| 14:27 | Encolar | Villager (Male) |
| 14:38 | Encolar | Archer |
| 14:40 | Encolar | Scout Cavalry |
| 15:09 | Encolar | Archer |
| 15:10 | Encolar | Archer |
| 15:10 | Encolar | Archer |
| 15:14 | Encolar | Villager (Male) |
| 15:20 | Encolar | Scout Cavalry |
| 15:37 | Encolar | Villager (Male) |
| 15:42 | Encolar | Villager (Male) |
| 15:47 | Construir | Farm |
| 15:48 | Construir | Farm |
| 15:59 | Encolar | Archer |
| 16:02 | Encolar | Scout Cavalry |
| 16:22 | Encolar | Villager (Male) |
| 16:35 | Construir | Market |
| 16:54 | Construir | Lumber Camp |
| 17:10 | Construir | Mining Camp |
| 17:12 | Encolar | Villager (Male) |
| 17:14 | Encolar | Villager (Male) |
| 18:17 | Encolar | Villager (Male) |
| 18:43 | Construir | Watch Tower |
| 19:07 | Construir | Lumber Camp |
| 19:11 | Encolar | Villager (Male) |
| 19:11 | Encolar | Villager (Male) |
| 19:34 | Construir | Farm |
| 19:47 | Construir | Watch Tower |
| 19:56 | Encolar | Villager (Male) |
| 20:07 | Construir | House |
| 20:08 | Construir | House |
| 20:27 | Construir | Farm |
| 20:28 | Construir | Farm |
| 20:47 | Construir | House |
| 21:03 | Construir | Farm |
| 21:31 | Investigar | Castle Age |
| 22:00 | Construir | Farm |
| 22:16 | Construir | House |
| 22:17 | Construir | House |
| 22:50 | Investigar | Bloodlines |
| 22:55 | Construir | Blacksmith |
| 23:19 | Construir | Farm |
| 23:42 | Construir | Stable |
| 24:02 | Investigar | Scale Barding Armor |
| 24:04 | Investigar | Forging |
| 24:11 | Edad | Edad de los Castillos |
| 24:16 | Encolar | Villager (Male) |
| 24:20 | Encolar | Knight |
| 24:20 | Encolar | Knight |
| 24:22 | Encolar | Knight |
| 24:43 | Encolar | Villager (Male) |
| 24:48 | Construir | Farm |
| 25:16 | Encolar | Knight |
| 25:18 | Encolar | Knight |
| 25:27 | Encolar | Knight |
| 25:39 | Encolar | Knight |
| 25:44 | Construir | Farm |
| 25:45 | Construir | Farm |
| 25:47 | Construir | Farm |
| 25:48 | Construir | Farm |
| 25:52 | Construir | Farm |
| 25:57 | Encolar | Villager (Male) |
| 26:14 | Encolar | Knight |
| 26:40 | Investigar | Bow Saw |
| 26:47 | Encolar | Knight |
| 26:50 | Encolar | Villager (Male) |
| 27:02 | Encolar | Villager (Male) |
| 27:13 | Encolar | Knight |
| 27:33 | Encolar | Villager (Male) |
| 27:37 | Encolar | Villager (Male) |
| 27:40 | Construir | Farm |
| 27:40 | Construir | Farm |
| 28:04 | Encolar | Knight |
| 28:06 | Encolar | Knight |
| 28:48 | Investigar | Husbandry |
Cronología de la partida
| 7:44 | Pedro · first_building Barracks |
| 7:50 | AttiladaHun · first_building Barracks |
| 8:09 | AttiladaHun · wall_segment Palisade Wall x1 |
| 8:13 | AttiladaHun · wall_segment Palisade Wall x1 |
| 8:15 | AttiladaHun · wall_segment Palisade Wall x1 |
| 8:16 | AttiladaHun · wall_segment Palisade Wall x1 |
| 8:34 | AttiladaHun · age_up feudal |
| 8:39 | AttiladaHun · first_building Stable |
| 8:43 | AttiladaHun · wall_segment Palisade Wall x1 |
| 9:02 | Pedro · age_up feudal |
| 9:05 | Pedro · first_building Archery Range |
| 9:15 | AttiladaHun · wall_segment Palisade Wall x1 |
| 9:16 | AttiladaHun · wall_segment Palisade Wall x1 |
| 10:44 | Pedro · wall_segment Palisade Wall x1 |
| 10:45 | Pedro · wall_segment Palisade Wall x1 |
| 10:46 | Pedro · wall_segment Palisade Wall x1 |
| 12:06 | AttiladaHun · first_building Archery Range |
| 12:17 | Pedro · wall_segment Palisade Wall x1 |
| 12:20 | Pedro · wall_segment Palisade Wall x1 |
| 12:38 | Pedro · wall_segment Palisade Wall x1 |
| 12:39 | Pedro · wall_segment Palisade Wall x1 |
| 13:00 | Pedro · wall_segment Palisade Wall x1 |
| 13:01 | Pedro · wall_segment Palisade Wall x1 |
| 14:29 | Pedro · wall_segment Palisade Wall x1 |
| 16:22 | Pedro · wall_segment Palisade Wall x1 |
| 16:23 | Pedro · wall_segment Palisade Wall x1 |
| 16:24 | Pedro · wall_segment Palisade Wall x1 |
| 16:24 | Pedro · wall_segment Palisade Wall x1 |
| 18:07 | AttiladaHun · first_market_buy 100 stone |
| 18:37 | Pedro · wall_segment Palisade Wall x1 |
| 18:38 | Pedro · wall_segment Palisade Wall x1 |
| 18:39 | Pedro · wall_segment Palisade Wall x1 |
| 18:40 | Pedro · wall_segment Palisade Wall x1 |
| 18:44 | Pedro · wall_segment Palisade Wall x1 |
| 19:37 | AttiladaHun · first_market_sell 100 food |
| 20:06 | Pedro · first_market_sell 100 wood |
| 20:09 | Pedro · first_market_buy 100 food |
| 22:14 | Pedro · first_building Stable |
| 23:15 | Pedro · age_up castle |
| 24:11 | AttiladaHun · age_up castle |
| 25:40 | Pedro · first_building Monastery |
| 32:06 | AttiladaHun · resign |
[ ANÁLISIS IA · 1 CRÉDITO ]
¿Qué pasó realmente en esta partida?
Wolo.gg analiza cada decisión: build order, eco, micro, errores típicos por bracket. Análisis personalizado por WhatsApp o Discord en 30 segundos.
Guía civ
Hunos
Perfil
Jugador #339375